 Dungeon Crawl Stone Soup version 0.30-a0-913-g9934a0ce24 (webtiles) character file.

Game seed: 13539158394269624863

161 ragingrage the Vexing (level 5, -2/28 HPs)
             Began as a Vampire Enchanter on Mar 19, 2023.
             Slain by a sleepcap (5 damage)
             ... on level 3 of the Dungeon.
             The game lasted 00:05:43 (2841 turns).

ragingrage the Vexing (Vampire Enchanter)           Turns: 2841, Time: 00:05:44

Health: -2/28      AC:  5    Str:  7    XL:     5   Next: 18%
Magic:  8/8        EV: 12    Int: 17    God:
Gold:   145        SH:  0    Dex: 17    Spells: 3/8 levels left

rFire   . . .      SeeInvis +    a - +1 dagger
rCold   + + .      Faith    .    (no shield)
rNeg    + + +      Spirit   .    h - +0 robe
rPois   ∞          Reflect  .    (no helmet)
rElec   .          Rampage  .    (no cloak)
rCorr   .                        n - +2 pair of gloves
Will    .....                    (no boots)
Stlth   +++++                    (no amulet)
HPRegen 0.00/turn                (no ring)
MPRegen 0.11/turn                (no ring)

@: bloodless, inhibited regen
A: bloodless, fangs 3, see invisible, vampiric 2
a: Bat Form, Revivify


You were on level 3 of the Dungeon.
You visited 1 branch of the dungeon, and saw 3 of its levels.

You collected 145 gold pieces.

Inventory:

Hand Weapons
 a - a +1 dagger (weapon)
 b - a +1 whip of draining
 j - a +0 rapier
Missiles
 o - 3 poisoned darts
Armour
 h - a +0 robe (worn)
 m - the +1 kite shield of Pan-Flutes {rC+ Int+4}
   (You found it on level 2 of the Dungeon)

   Int:       It affects your intelligence (+4).
   rC:        It protects you from cold.
 n - a +2 pair of gloves (worn)
Scrolls
 d - 2 scrolls of blinking
 e - 2 scrolls of identify {unknown}
 f - 2 scrolls of magic mapping {unknown}
 g - 2 scrolls of torment {unknown}
 i - a scroll of vulnerability {unknown}
 p - 2 scrolls of teleportation {unknown}
 q - a scroll of amnesia {unknown}
Potions
 c - 3 potions of invisibility
 k - a potion of lignification {unknown}
 l - a potion of might {unknown}


   Skills:
 + Level 3.1 Short Blades
 - Level 2.1 Dodging
 - Level 5.0 Stealth
 + Level 2.2 Spellcasting
 + Level 6.0 Hexes
 + Level 2.2 Ice Magic


You had 3 spell levels left.
You knew the following spells:

 Your Spells              Type           Power      Damage    Failure   Level
a - Ensorcelled Hibernat  Hex/Ice        30%        N/A       5%          2
b - Confusing Touch       Hex            22%        N/A       4%          3

Your spell library contained the following spells:

 Spells                   Type           Power      Damage    Failure   Level
 Tukima's Dance           Hex            22%        N/A       4%          3
 Dazzling Flash           Conj/Hex       24%        N/A       17%         3
 Cigotuvi's Dreadful Rot  Necr/Pois/Air  2%         N/A       28%         2
 Poisonous Vapours        Pois/Air       2%         N/A       28%         2
 Gell's Gravitas          Tloc           1%         N/A       50%         3
 Mephitic Cloud           Conj/Pois/Air  1%         N/A       50%         3
 Teleport Other           Tloc           1%         N/A       50%         3
 Dispersal                Tloc           0%         N/A       100%        6


Dungeon Overview and Level Annotations

Branches:
Dungeon (3/15)

Altars:
Kikubaaqudgha

Shops:
D:1 *=[:

Annotations:
D:3 exclusions: orc and orc priest


Innate Abilities, Weirdness & Mutations

You do not regenerate when monsters are visible.
You are frail without blood (-20% HP).
You can heal yourself when you bite living creatures.
You are immune to poison.
You have razor-sharp teeth.
You have supernaturally acute eyesight. (SInv)
You are afflicted with vampirism and can become a bat while bloodless.


Message History

Unknown command.
There is a stone staircase leading up here.
You climb upwards.
There is a stone staircase leading down here.
You begin bloodletting.
You continue bloodletting. x5
You become bloodless.
You climb downwards.
Level annotation: exclusions: orc and orc priest The sleepcap barely misses you.
There is a stone staircase leading up here.
You hit the sleepcap. The sleepcap barely misses you.
You hit the sleepcap but do no damage. The sleepcap releases spores at you.
You hit the sleepcap but do no damage. You punch the sleepcap.
The sleepcap releases spores at you!
You hit the sleepcap but do no damage. The sleepcap misses you.
You hit the sleepcap but do no damage. The sleepcap misses you.
You hit the sleepcap. You hit the sleepcap but do no damage.
The sleepcap barely misses you.
You hit the sleepcap. The sleepcap misses you.
You hit the sleepcap but do no damage.
You bite the sleepcap, but do no damage.
The sleepcap barely misses you.
You hit the sleepcap.
You bite the sleepcap, but do no damage.
The sleepcap releases spores at you but does no damage.
You hit the sleepcap but do no damage. You hit the sleepcap.
You bite the sleepcap.
The sleepcap releases spores at you but does no damage.
You hit the sleepcap.
You bite the sleepcap, but do no damage.
The sleepcap releases spores at you.
You hit the sleepcap. The sleepcap closely misses you.
You hit the sleepcap. The sleepcap releases spores at you.
* * * LOW HITPOINT WARNING * * *
You hit the sleepcap but do no damage. The sleepcap releases spores at you.
* * * LOW HITPOINT WARNING * * *
You hit the sleepcap but do no damage. The sleepcap closely misses you.
You completely miss the sleepcap. You hit the sleepcap but do no damage.
The sleepcap releases spores at you.
You die...

#.##...##.####..# ###
#^####.##.# #..# #.#
#.# #.##.####..# #.#
### #..........# #.#
###..###...####.#
#########............#
................####.#
##########..##...# #.#
. .......).>...f@# #.#
##########..##.### #.#
# #..##.######.#### #
##.##...........#
#.##.###########
#.##.# ..##.# ####.#
#.#


You could see a sleepcap.

Vanquished Creatures
  A hound (D:3)
  5 adders
  5 dart slugs
  An orc (D:3)
  11 endoplasms
  3 giant cockroaches
  4 goblins
  8 hobgoblins
  3 jackals
  5 kobolds
  2 quokkas
  6 ball pythons
  8 bats
  5 frilled lizards
  6 rats
73 creatures vanquished.

Notes
Turn   | Place    | Note
-------+----------+-------------------------------------------
     0 | D:1      | ragingrage the Vampire Enchanter began the quest for the
                  | Orb.
     0 | D:1      | Reached XP level 1. HP: 13/13 MP: 3/3
   186 | D:1      | Found Giluext's Antique Armour Boutique.
   218 | D:1      | Reached XP level 2. HP: 19/19 MP: 5/5
   256 | D:1      | Learned a level 2 spell: Ensorcelled Hibernation
   307 | D:1      | Reached skill level 5 in Stealth
   464 | D:1      | Found Qafa's Jewellery Shoppe.
   689 | D:1      | Found Pin Voo's Book Emporium.
   904 | D:1      | Reached skill level 5 in Hexes
   915 | D:1      | Found Otieb's General Store.
   953 | D:1      | Gained mutation: You are afflicted with vampirism and can
                  | become a bat while bloodless. [Vampire growth]
   953 | D:1      | Reached XP level 3. HP: 24/24 MP: 6/6
  1133 | D:2      | Reached skill level 1 in Ice Magic
  1305 | D:2      | Reached XP level 4. HP: 25/30 MP: 2/7
  1368 | D:2      | Found an ancient bone altar of Kikubaaqudgha.
  1739 | D:2      | Identified the +1 kite shield of Pan-Flutes {rC+ Int+4}
  1867 | D:2      | Learned a level 3 spell: Confusing Touch
  2274 | D:3      | Reached XP level 5. HP: 35/35 MP: 1/8
  2571 | D:3      | Reached skill level 6 in Hexes
  2841 | D:3      | Slain by a sleepcap

Illustrated notes

Levels and vault maps discovered:
D:1:      minmay_arrival_checkered_box, layout_basic, serial_shops,
          nicolae_shop_waterfront, shop,
          nicolae_shop_temple_entry_statues_fountains, shop
D:2:      layout_rooms, basic_altar, reono_crystal_passage
D:3:      layout_basic

Skill      XL: |  1  2  3  4  5 |
---------------+----------------+-----
Stealth        | 5 |  5.0
Short Blades   | 2 3 |  3.1
Hexes          | 5 6 |  6.0
Ice Magic      | 1 2 |  2.2
Dodging        | |  2.1
Spellcasting   | |  2.2

Action                     |  1- 3 |  4- 6 || total
---------------------------+-------+-------++-------
  Melee: Dagger            |   102 |    94 ||   196
         Bite              |     9 |    11 ||    20
         Punch             |     2 |     2 ||     4
   Cast: Ensorcelled Hiber |    10 |    22 ||    32
Ability: Exsanguinate      |       |     1 ||     1
    Use: Scroll            |       |     1 ||     1
   Stab: Sleeping          |    15 |    18 ||    33
         Distracted        |     1 |     1 ||     2
 Armour: Robe              |    12 |    10 ||    22
  Dodge: Dodged            |    51 |    58 ||   109

Table legend: (Time is in decaauts)
 A = Elapsed time spent in this place.
 B = Non-inter-level travel time spent in this place.
 C = Inter-level travel time spent in this place.
 D = Time resting spent in this place.
 E = Time spent auto-exploring this place.
 F = Levels seen in this place.
 G = Mean time per level.
                   A        B        C        D        E       F      G
               +--------+--------+--------+--------+--------+-----+--------+
         Total |   2824 |   2703 |    121 |    349 |   1579 |   3 |  941.3 |
       Dungeon |   2824 |   2703 |    121 |    349 |   1579 |   3 |  941.3 |
               +--------+--------+--------+--------+--------+-----+--------+

Top non-repeatable levels by time:
     D:1: 1296 daAuts
     D:2: 877 daAuts
     D:3: 650 daAuts
